[Event "*** SCC Grand Prix: Titled Tuesday Blitz"]
[Site "Chess.com"]
[Date "2020.08.11"]
[Round "4"]
[White "Tactictic"]
[Black "Goryachkina"]
[Result "1-0"]
[WhiteElo "2374"]
[BlackElo "2565"]
[TimeControl "180+1"]
[EndTime "10:42:01 PDT"]
[Termination "Tactictic won by resignation"]

1. e4 e6 2. d4 d5 3. Nd2 Nf6 4. e5 Nfd7 5. Bd3 c5 6. c3 Nc6 7. Ne2 cxd4 8. cxd4 f6 9. exf6 Nxf6 10. O-O Bd6 11.
Nf3 O-O 12. Bg5 Bd7 13. Re1 Qe8 14. Bh4 Nh5 15. Rc1 a6 16. Bb1 g6 17. Bg3 Nxg3 18.
hxg3 Qf7 19. Nc3 Rae8 20. Rc2 Qf6 21. Rce2 Re7 22. a3 Bc7 23. Ba2 Kg7 24. Bxd5 exd5 25. Nxd5 Rxe2 26. Nxf6 Rxe1+ 27. Qxe1 Rxf6 28. d5 Nd8 29.
Ng5 Bd6 30. Ne4 Be5 31. Nxf6 Bxf6 32. Qb4 Kf7 33. Qd6 Bf5 34. Qc7+ Ke8 35. Qxh7 Bxb2 36. d6 Bf6 37. Qg8+ Kd7 38. Qf8 Bg5 39. f4 Ne6 40.
Qb8 Bd8 41. Qxb7+ Kxd6 42. Qxa6+ Kd7 43. Qb5+ Kd6 44. a4 Bc7 45. a5 Nd4 46. Qb4+ Kd5 47.
a6 Nc6 48. Qb5+ Kd6 49. Qa4 Bb8 50. Kh2 Ba7 51. Qd1+ Kc7 52. g4 Bd7 53. Qd3 Bxg4 54. Qxg6 Bd7 55. f5 Ne5 56. Qg7 Bd4 57. f6 Ng4+ 58.
Kg3 Nxf6 59. Qf7 Ne4+ 60. Kf4 Nd6 61. Qd5 Ba7 62. Qa5+ Kc6 63. Qc3+ Kb6 64. Qb4+ Kc6 65. Qc3+ Kd5 66. Qd3+ Ke6 67. Qg6+ Kd5 68. Qg7 Kc6 69. Qf6 Bc5 70. g4 Ba7 71. g5 Kc7 72. g6 Ne8 73. Qf7 Bd4 74. a7 Bxa7 75. g7 Nxg7 76.
Qxg7 Bc5 77. Qe5+ Kc6 78. Qe4+ Kc7 79. Ke5 Bd6+ 80. Kf6 Bc6 81. Qc4 Kd7 82. Qe6+ Kc7 83. Qf7+ Bd7 84. Qc4+ Bc6 85. Ke6 Bg3 86. Qc5 Bh2 87.
Qe7+ Kb6 88. Qb4+ Kc7 89. Qa5+ Kc8 90. Qa6+ Bb7 91. Qc4+ Kb8 92. Kd7 Bg3 93. Qg8+ 1-0

[Event "*** SCC Grand Prix: Titled Tuesday Blitz"]
[Site "Chess.com"]
[Date "2020.08.11"]
[Round "4"]
[White "Isajevsky_Anton"]
[Black "Nemsko"]
[Result "1-0"]
[WhiteElo "2601"]
[BlackElo "2341"]
[TimeControl "180+1"]
[EndTime "10:42:03 PDT"]
[Termination "Isajevsky_Anton won by checkmate"]

1. c4 e5 2. g3 Nc6 3. Bg2 Bc5 4. Nc3 a6 5. Nf3 d6 6. O-O Nf6 7. e3 Ba7 8. d4 O-O 9. h3 h6 10. b3 Re8 11. Bb2 Bd7 12. Kh2 Qe7 13. Nd5 Qd8 14.
Nxf6+ Qxf6 15. dxe5 Qe6 16. exd6 cxd6 17. Qd2 Rad8 18.
Rad1 Bc8 19. Nd4 Nxd4 20. Bxd4 Bb8 21. Qb2 Qg6 22. Bc3 h5 23. Rd4 b5 24. Rfd1 Ba7 25.
Rf4 Be6 26. cxb5 axb5 27. Bd5 Bb8 28. Qd2 Rc8 29. Rd4 Qf5 30. Bxe6 fxe6 31. e4 Qf3 32. Bb4 Rf8 33. Kg1 h4 34. Rd3 Qxe4 35. Re1 Qg6 36. g4 Rfd8 37. Bxd6 Rc6 38. Bxb8 Qxd3 39. Qf4 Rf8 40.
Qh2 Qf3 41. Ba7 Rc2 42. a4 Re2 43. Rf1 Rb2 44. axb5 Rxb3 45. b6 Rb4 46. Qg2 Qxg2+ 47. Kxg2 Rb3 48. Re1 Rc8 49. b7 Rxb7 50. Be3 Re7 51.
Rd1 Rc2 52. g5 Kf7 53. Rd4 e5 54. Rxh4 Rd7 55. Kf3 Rd3 56. Ra4 Rd1 57. h4 Rdc1 58. Bxc1 Rxc1 59. h5 Rh1 60. Kg4 Rf1 61. Ra7+ Kg8 62.
g6 Kf8 63. Ra8+ Ke7 64. Ra7+ Kf8 65. Rf7+ Kg8 66. Kg5 Rg1+ 67. Kh4 Rh1+ 68. Kg4 Rg1+ 69. Kf3 Rh1 70. Rf5 Rh3+ 71. Ke4 Rh4+ 72. Kxe5 Ra4 73.
f3 Ra5+ 74. Kf4 Ra4+ 75. Kg5 Ra1 76. Rb5 Rg1+ 77. Kf4 Kf8 78. Rb7 Rh1 79. Rb5 Rg1 80. Ke3 Re1+ 81. Kf2 Rh1 82. f4 Rh4 83. Kg3 Rh1 84.
Kg4 Rg1+ 85. Kf5 Rh1 86. Ke6 Re1+ 87. Re5 Rb1 88. f5 Rb6+ 89. Kd5 Rb5+ 90. Ke4 Rb4+ 91. Kd5 Rb5+ 92. Kd6 Rb6+ 93. Kc7 Rb3 94. Rc5 Rh3 95. Kd7 Rxh5 96. Rc8# 1-0

[Event "*** SCC Grand Prix: Titled Tuesday Blitz"]
[Site "Chess.com"]
[Date "2020.08.11"]
[Round "4"]
[White "Vuk2000"]
[Black "Shield12"]
[Result "1/2-1/2"]
[WhiteElo "2715"]
[BlackElo "2853"]
[TimeControl "180+1"]
[EndTime "10:42:06 PDT"]
[Termination "Game drawn by stalemate"]

1. d4 Nf6 2. Bg5 d5 3. Bxf6 exf6 4. e3 c6 5. c4 dxc4 6. Bxc4 Bd6 7. Nc3 Nd7 8. Nf3 f5 9. O-O Nf6 10. Qc2 O-O 11. Rfe1 Re8 12. a3 a5 13. Rad1 Qe7 14. g3 g6 15. Nd2 Ne4 16. Bf1 Nxd2 17. Qxd2 Bd7 18. Bg2 Rad8 19. e4 fxe4 20. Nxe4 Bg4 21. Rc1 Be6 22. Qxa5 Bc7 23. Qc3 Bd5 24. Nc5 Qf6 25.
Nxb7 Rxe1+ 26. Rxe1 Bxg2 27. Nxd8 Bd5 28. Nb7 Qf5 29.
Qe3 h5 30. Nc5 h4 31. Qe8+ Kg7 32. Qd7 Qf3 33. Ne4 Bxe4 34. Rxe4 Qxe4 35. Qxc7 Qxd4 36. Qxc6 Qxb2 37. Qf3 h3 38. Qd3 Qa1+ 39. Qf1 Qxa3 40. Qxh3 Qc1+ 41. Qf1 Qc6 42. Qe2 Qc3 43. Qe3 Qb2 44.
Kg2 Qb7+ 45. Qf3 Qb2 46. h4 Qd4 47. Qe3 Qd5+ 48. Kh2 Qf5 49. Qd4+ Kg8 50. Kg2 Qc2 51. Qd5 Qc3 52. h5 gxh5 53. Qg5+ Kf8 54. Qd8+ Kg7 55. Qg5+ Kf8 56. Qxh5 Kg7 57. Qg5+ Kf8 58. Qd5 Kg7 59. f4 Qc2+ 60. Kh3 Qh7+ 61. Kg4 Qc2 62. Kf3 Qc3+ 63. Kf2 Qc2+ 64. Ke3 Qc3+ 65. Qd3 Qe1+ 66. Kf3 Qh1+ 67. Kg4 Qa1 68. Qe4 Qa2 69. Qe5+ f6 70.
Qe7+ Kg8 71. Qxf6 Qe2+ 72. Kg5 Qf3 73. Qg6+ Kf8 74. Qf6+ Kg8 75. Qe6+ Kg7 76. Qe5+ Kf7 77. f5 Qf2 78. Qc7+ Kf8 79. Qd6+ Kf7 80. Qc7+ Kf8 81. Kg6 Ke8 82. Qc8+ Ke7 83. Qe6+ Kd8 84. Qd6+ Ke8 85. f6 Qc2+ 86. Kg7 Qg6+ 87. Kh8 Qg8+ 88. Kxg8 1/2-1/2

[Event "*** SCC Grand Prix: Titled Tuesday Blitz"]
[Site "Chess.com"]
[Date "2020.08.11"]
[Round "5"]
[White "VishnuPrasanna"]
[Black "killer311"]
[Result "1-0"]
[WhiteElo "2684"]
[BlackElo "2445"]
[TimeControl "180+1"]
[EndTime "10:50:36 PDT"]
[Termination "VishnuPrasanna won by resignation"]

1. d4 d5 2. c4 c6 3. Nf3 Nf6 4. Nc3 e6 5. Bg5 h6 6. Bh4 dxc4 7. e4 g5 8. Bg3 b5 9. Be2 Bb7 10. Qc2 Nbd7 11. Nd2 Be7 12. O-O h5 13. h3 h4 14.
Bh2 Qb6 15. Rad1 O-O-O 16. b3 cxb3 17. Nxb3 Nf8 18. Nxb5 Ng6 19. Bc7 Qa6 20. Bxd8 Rxd8 21. Nd6+ 1-0

[Event "*** SCC Grand Prix: Titled Tuesday Blitz"]
[Site "Chess.com"]
[Date "2020.08.11"]
[Round "5"]
[White "Tekushka"]
[Black "AlexSuv"]
[Result "1-0"]
[WhiteElo "2354"]
[BlackElo "2486"]
[TimeControl "180+1"]
[EndTime "10:50:37 PDT"]
[Termination "Tekushka won by resignation"]

1. e4 c5 2. Nf3 e6 3. d4 cxd4 4. Nxd4 Nc6 5. Nc3 Qc7 6. a3 a6 7. Be3 b5 8. Nxc6 Qxc6 9. Be2 Bb7 10. O-O Nf6 11. Bf3 e5 12. Bg5 h6 13. Bxf6 Qxf6 14.
Nd5 Qc6 15. c3 Bc5 16. Qd3 O-O 17. b4 Ba7 18. Ne7+ 1-0

[Event "*** SCC Grand Prix: Titled Tuesday Blitz"]
[Site "Chess.com"]
[Date "2020.08.11"]
[Round "5"]
[White "albano87"]
[Black "Micki-taryan"]
[Result "0-1"]
[WhiteElo "2538"]
[BlackElo "3043"]
[TimeControl "180+1"]
[EndTime "10:50:41 PDT"]
[Termination "Micki-taryan won by resignation"]

1. d4 Nf6 2. Nf3 e6 3. g3 b5 4. Bg2 Bb7 5. O-O c5 6. a4 b4 7. c4 cxd4 8. Qxd4 Na6 9. b3 Nc5 10. Nbd2 d6 11. Bb2 Be7 12. Nh4 e5 13. Qxc5 dxc5 14.
Bxb7 Qxd2 15. Bc1 Qc3 0-1

[Event "*** SCC Grand Prix: Titled Tuesday Blitz"]
[Site "Chess.com"]
[Date "2020.08.11"]
[Round "5"]
[White "GracefulYear"]
[Black "Alexandr_Kholin"]
[Result "1-0"]
[WhiteElo "2378"]
[BlackElo "2504"]
[TimeControl "180+1"]
[EndTime "10:50:55 PDT"]
[Termination "GracefulYear won by resignation"]

1. d4 d5 2. c4 e6 3. Nf3 Be7 4. g3 Nf6 5. Bg2 O-O 6. O-O b6 7. cxd5 exd5 8. Nc3 Bb7 9. Ne5 c5 10. Bg5 c4 11. Nxc4 Nc6 12. Ne5 Nxe5 13. dxe5 Ne4 14.
Bxe7 Nxc3 15. Bxd8 Nxd1 16. Be7 Rfe8 17. Ba3 1-0

[Event "*** SCC Grand Prix: Titled Tuesday Blitz"]
[Site "Chess.com"]
[Date "2020.08.11"]
[Round "5"]
[White "kuban1991"]
[Black "Diego_FloresQ"]
[Result "1-0"]
[WhiteElo "2735"]
[BlackElo "2468"]
[TimeControl "180+1"]
[EndTime "10:51:12 PDT"]
[Termination "kuban1991 won by resignation"]

1. Nf3 c5 2. g3 Nc6 3. Bg2 g6 4.
O-O Bg7 5. c4 e6 6. Nc3 Nge7 7.
e3 d5 8. b3 O-O 9. Ba3 dxc4 10.
bxc4 b6 11. d4 cxd4 12. Nxd4 Bxd4 13. exd4 Bb7 14. d5 exd5 15. Nxd5 Nxd5 16. cxd5 Ne7 17.
d6 Nc6 18. d7 1-0

[Event "*** SCC Grand Prix: Titled Tuesday Blitz"]
[Site "Chess.com"]
[Date "2020.08.11"]
[Round "5"]
[White "maximnovik"]
[Black "coalescenet"]
[Result "1-0"]
[WhiteElo "2456"]
[BlackElo "1947"]
[TimeControl "180+1"]
[EndTime "10:51:15 PDT"]
[Termination "maximnovik won by resignation"]

1. d4 d5 2. c4 e6 3. Nc3 Be7 4. cxd5 exd5 5. Bf4 Nf6 6. Qc2 c6 7. e3 Nbd7 8. Bd3 Nf8 9. Nge2 Ne6 10. Be5 Nd7 11. Bg3 g6 12. O-O-O Nf6 13. Be5 O-O 14.
h4 Ng7 15. Nf4 h5 16. f3 Nd7 17. Bxg7 Kxg7 18. Bxg6 Bxh4 19. Nxh5+ Kh6 20. Nf4 Kg7 21. Bxf7 Kxf7 1-0

[Event "*** SCC Grand Prix: Titled Tuesday Blitz"]
[Site "Chess.com"]
[Date "2020.08.11"]
[Round "5"]
[White "Sergey85Rodchenkov"]
[Black "barbara25"]
[Result "1-0"]
[WhiteElo "2479"]
[BlackElo "2208"]
[TimeControl "180+1"]
[EndTime "10:51:20 PDT"]
[Termination "Sergey85Rodchenkov won by resignation"]

1. e4 c5 2. Nf3 d6 3. d4 cxd4 4. Nxd4 Nf6 5. Nc3 a6 6. Bc4 e6 7. Bb3 Be7 8. O-O O-O 9. f4 Nc6 10.
Kh1 Qc7 11. f5 e5 12. Nde2 b5 13. Bg5 Na5 14. Bxf6 Bxf6 15. Nd5 Qd8 16. Ng3 Nxb3 17. axb3 Bb7 18. Qg4 Bxd5 19. exd5 Kh8 20. Ne4 Qe7 21. Rf3 g6 22. Raf1 g5 23. Rh3 Rg8 24. Rh6 1-0

[Event "*** SCC Grand Prix: Titled Tuesday Blitz"]
[Site "Chess.com"]
[Date "2020.08.11"]
[Round "5"]
[White "PavelShkapenko"]
[Black "redbaron8888"]
[Result "1-0"]
[WhiteElo "2657"]
[BlackElo "2417"]
[TimeControl "180+1"]
[EndTime "10:51:22 PDT"]
[Termination "PavelShkapenko won by resignation"]

1. e4 c5 2. c3 Nf6 3. e5 Nd5 4.
d4 cxd4 5. cxd4 d6 6. Nf3 Nc6 7.
Bc4 Nb6 8. Bb3 d5 9. Nh4 e6 10.
Nf3 Be7 11. O-O O-O 12. Nc3 Bd7 13. Bf4 f6 14. exf6 Bxf6 15. Bd6 Rf7 16. Re1 Na5 17. Bc2 Nac4 18. Bg3 Nxb2 19. Qb1 N2c4 20. Bxh7+ Kh8 21. Qg6 Be8 22. Qh5 g6 23. Bxg6+ Kg8 24. Rxe6 Bg7 25. Rae1 Qd7 26. Ng5 1-0

[Event "*** SCC Grand Prix: Titled Tuesday Blitz"]
[Site "Chess.com"]
[Date "2020.08.11"]
[Round "5"]
[White "BlackWidow515"]
[Black "poppy73"]
[Result "0-1"]
[WhiteElo "2093"]
[BlackElo "2247"]
[TimeControl "180+1"]
[EndTime "10:51:32 PDT"]
[Termination "poppy73 won by resignation"]

1. d4 Nf6 2. Nf3 g6 3. g3 Bg7 4.
Bg2 O-O 5. O-O d6 6. c4 Nc6 7. Nc3 Bg4 8. h3 Bxf3 9. Bxf3 Nd7 10. e3 e5 11. b3 exd4 12. exd4 Bxd4 13. Bxc6 Bxc3 14. Bh6 bxc6 15. Bxf8 Bxa1 0-1

[Event "*** SCC Grand Prix: Titled Tuesday Blitz"]
[Site "Chess.com"]
[Date "2020.08.11"]
[Round "5"]
[White "SzMM19"]
[Black "martynkovaelena"]
[Result "1-0"]
[WhiteElo "2483"]
[BlackElo "2243"]
[TimeControl "180+1"]
[EndTime "10:51:41 PDT"]
[Termination "SzMM19 won by resignation"]

1. e4 e5 2. Nf3 Nc6 3. Nc3 Nf6 4. a3 g6 5. Nxe5 Nxe5 6. d4 Nc6 7. d5 Nb8 8. e5 Qe7 9. Qe2 Ng8 10. d6 Qd8 11.
Nd5 Na6 12. Qe4 Nc5 13. Qc4 Ne6 14. dxc7 1-0

[Event "*** SCC Grand Prix: Titled Tuesday Blitz"]
[Site "Chess.com"]
[Date "2020.08.11"]
[Round "5"]
[White "ace_mar"]
[Black "TurboSteen"]
[Result "1-0"]
[WhiteElo "2465"]
[BlackElo "2017"]
[TimeControl "180+1"]
[EndTime "10:51:50 PDT"]
[Termination "ace_mar won by resignation"]

1. d4 Nf6 2. c4 g6 3. g3 d5 4. cxd5 Nxd5 5. Bg2 Nb6 6. Nf3 Bg7 7. Nc3 O-O 8. O-O Nc6 9. e3 e5 10. d5 Na5 11. e4 c6 12. Qc2 cxd5 13. exd5 Nxd5 14. Rd1 Nb4 15. Qa4 Qb6 16. Be3 1-0

[Event "*** SCC Grand Prix: Titled Tuesday Blitz"]
[Site "Chess.com"]
[Date "2020.08.11"]
[Round "5"]
[White "Manukyan_Artak"]
[Black "NateSolon"]
[Result "1-0"]
[WhiteElo "2339"]
[BlackElo "2510"]
[TimeControl "180+1"]
[EndTime "10:52:17 PDT"]
[Termination "Manukyan_Artak won by resignation"]

1. e4 c5 2. Nf3 d6 3. Bb5+ Nd7 4. O-O a6 5. Bd3 Ngf6 6. c3 b6 7. Re1 Bb7 8. Bc2 g6 9. d4 Qc7 10. e5 dxe5 11. dxe5 Nd5 12. e6 fxe6 13. Ng5 N7f6 14. Nxe6 Qc6 15. Qf3 Bc8 16. Nf4 Bg4 17. Qg3 Bg7 18.
Nxd5 Qxd5 19. Nd2 O-O 20. Bb3 1-0

[Event "*** SCC Grand Prix: Titled Tuesday Blitz"]
[Site "Chess.com"]
[Date "2020.08.11"]
[Round "5"]
[White "Lion-Al-Messi"]
[Black "ZverevLev"]
[Result "1-0"]
[WhiteElo "2500"]
[BlackElo "2312"]
[TimeControl "180+1"]
[EndTime "10:52:19 PDT"]
[Termination "Lion-Al-Messi won by resignation"]

1. e4 e5 2. Nf3 Nc6 3. Bb5 a6 4. Ba4 Nf6 5. O-O Be7 6. Qe2 b5 7. Bb3 d6 8. c3 O-O 9. Rd1 Na5 10.
Bc2 c5 11. d4 cxd4 12. cxd4 Qc7 13. Nc3 b4 14. Nd5 Nxd5 15. exd5 Bg4 16. dxe5 Bxf3 17.
gxf3 Rac8 18. Bf5 Qc4 19. Qxc4 Rxc4 20. e6 f6 21. Be3 g6 22. Bd3 Rcc8 23. Bxa6 Ra8 24.
Bd3 f5 25. Rdc1 Rfe8 26. Rab1 Nb7 27. Rc7 Nc5 28. Bxc5 dxc5 29. Bb5 Bd6 30. Bxe8 Bxc7 31. Bc6 Rb8 32. e7 Kf7 33. Re1 Re8 34. Bxe8+ Kxe8 35. h3 c4 36. Rc1 Kxe7 37. Rxc4 Be5 1-0

[Event "*** SCC Grand Prix: Titled Tuesday Blitz"]
[Site "Chess.com"]
[Date "2020.08.11"]
[Round "5"]
[White "kidagent"]
[Black "meoluoi91"]
[Result "0-1"]
[WhiteElo "2276"]
[BlackElo "2492"]
[TimeControl "180+1"]
[EndTime "10:52:23 PDT"]
[Termination "meoluoi91 won by resignation"]

1. e4 c6 2. d4 d5 3. Nd2 dxe4 4.
Nxe4 Bf5 5. Ng3 Bg6 6. h4 h6 7.
Nf3 Nd7 8. h5 Bh7 9. Bd3 Bxd3 10. Qxd3 e6 11. Bd2 Ngf6 12. O-O-O Bd6 13. Ne4 Nxe4 14. Qxe4 Qe7 15. Kb1 O-O-O 16. c4 Bb4 17. Bf4 Bd6 18. Rhe1 Bxf4 19. Qxf4 Qf6 20. Qg3 Qf5+ 21.
Ka1 Qxh5 22. Rd3 Qf5 23. Ra3 a6 24. Nh4 Qf6 25. Rf3 Qxd4 26. Rxf7 Ne5 0-1

[Event "*** SCC Grand Prix: Titled Tuesday Blitz"]
[Site "Chess.com"]
[Date "2020.08.11"]
[Round "5"]
[White "Cambek64"]
[Black "natelleka"]
[Result "1-0"]
[WhiteElo "2313"]
[BlackElo "2088"]
[TimeControl "180+1"]
[EndTime "10:52:24 PDT"]
[Termination "Cambek64 won by checkmate"]

1. e4 e5 2. Nf3 Nf6 3. Nxe5 Nxe4 4. Qe2 Qe7 5. Qxe4 d6 6. d4 dxe5 7. dxe5 Nc6 8. Bf4 g5 9. Bg3 f5 10. Qe3 f4 11. Bxf4 gxf4 12. Qxf4 Qxe5+ 13. Qxe5+ Nxe5 14. Nd2 Bf5 15. O-O-O O-O-O 16. Be2 Bh6 17. h3 Rhe8 18. g3 Nc6 19. Bh5 Re7 20. f4 Nb4 21. Nc4 Rxd1+ 22. Rxd1 Bxc2 23. Bg4+ Kb8 24. Rd8# 1-0

[Event "*** SCC Grand Prix: Titled Tuesday Blitz"]
[Site "Chess.com"]
[Date "2020.08.11"]
[Round "5"]
[White "awesomevishesh"]
[Black "parintele_chess"]
[Result "1-0"]
[WhiteElo "2378"]
[BlackElo "2108"]
[TimeControl "180+1"]
[EndTime "10:52:26 PDT"]
[Termination "awesomevishesh won by resignation"]

1. e4 e6 2. d4 d5 3. Nc3 dxe4 4. Nxe4 Nf6 5. Bd3 Bd7 6. Nf3 Bc6 7. Ng3 Nbd7 8. O-O Be7 9. c4 b6 10. Bf4 Bb7 11. Re1 O-O 12. Qe2 Re8 13. Ne5 c5 14.
Nxf7 Kxf7 15. Qxe6+ Kf8 16. Nf5 cxd4 17. Nh6 1-0

[Event "*** SCC Grand Prix: Titled Tuesday Blitz"]
[Site "Chess.com"]
[Date "2020.08.11"]
[Round "5"]
[White "Politov_Pavel"]
[Black "MokshAD1603"]
[Result "1-0"]
[WhiteElo "2097"]
[BlackElo "2436"]
[TimeControl "180+1"]
[EndTime "10:52:35 PDT"]
[Termination "Politov_Pavel won by resignation"]

1. d4 Nf6 2. c4 e6 3. Nc3 Bb4 4. f3 d5 5. e3 O-O 6. a3 Be7 7. cxd5 exd5 8. Bd3 c5 9. Nge2 Nc6 10. O-O Re8 11. Qe1 Bf8 12. Qf2 b6 13. Rd1 Bb7 14.
dxc5 bxc5 15. Nxd5 Nxd5 16. Bc4 Na5 17. Bxd5 Bxd5 18. Nc3 Bb3 19. Rxd8 Raxd8 20. e4 Nc4 21. Bf4 Bd6 22. Bxd6 Rxd6 23. Qxc5 Rd2 24. Qb5 Red8 25.
Qxb3 Ne3 26. Nd5 Nxg2 27. Rd1 1-0

[Event "*** SCC Grand Prix: Titled Tuesday Blitz"]
[Site "Chess.com"]
[Date "2020.08.11"]
[Round "5"]
[White "Aemulus20"]
[Black "Harsha_Bharathakoti"]
[Result "0-1"]
[WhiteElo "2554"]
[BlackElo "2847"]
[TimeControl "180+1"]
[EndTime "10:52:42 PDT"]
[Termination "Harsha_Bharathakoti won by resignation"]

1. e4 c6 2. d4 d5 3. Nc3 dxe4 4. Nxe4 Nf6 5. Nxf6+ exf6 6. c3 Bd6 7. Bd3 O-O 8.
Qc2 Re8+ 9. Ne2 h5 10. O-O h4 11.
Bf4 Na6 12. Rae1 Nc7 13. Qd2 Ne6 14. Bxd6 Qxd6 15. f4 Bd7 16. f5 Ng5 17. Rf4 h3 18. g3 c5 19. Kf2 Bc6 20. Ng1 Qd5 21. Kf1 Qh1 22. Re2 Bg2+ 23. Rxg2 hxg2+ 24. Qxg2 Re1+ 25. Kf2 Rxg1 0-1

[Event "*** SCC Grand Prix: Titled Tuesday Blitz"]
[Site "Chess.com"]
[Date "2020.08.11"]
[Round "5"]
[White "Lenyas66"]
[Black "Rainmond"]
[Result "0-1"]
[WhiteElo "2481"]
[BlackElo "2687"]
[TimeControl "180+1"]
[EndTime "10:52:48 PDT"]
[Termination "Rainmond won by resignation"]

1. e4 g6 2. d4 Bg7 3. Nc3 d6 4. h4 h6 5. h5 g5 6. Be2 Nc6 7. d5 Nd4 8. Be3 c5 9. dxc6 Nxc6 10. f4 gxf4 11. Bxf4 Nf6 12. Nf3 Ng4 13. Qd2 Be6 14.
Nd5 Rc8 15. c3 Qa5 16. Nh4 Nf6 17. Bf3 Ne5 18. Bxe5 dxe5 19. O-O Bxd5 20. exd5 e4 21. Nf5 exf3 22. Nxg7+ Kf8 23. Nf5 fxg2 24. Rfd1 Qc5+ 25.
Kxg2 Rg8+ 26. Kf3 Rg5 27. Nxh6 Rxh5 28. Qd4 0-1

[Event "*** SCC Grand Prix: Titled Tuesday Blitz"]
[Site "Chess.com"]
[Date "2020.08.11"]
[Round "5"]
[White "bgfbfbgfbgfgf"]
[Black "amatatanav"]
[Result "1-0"]
[WhiteElo "2684"]
[BlackElo "2457"]
[TimeControl "180+1"]
[EndTime "10:52:50 PDT"]
[Termination "bgfbfbgfbgfgf won by resignation"]

1. e4 c5 2. Nc3 Nc6 3. Nge2 g6 4. d4 cxd4 5. Nxd4 Bg7 6. Be3 Nf6 7. Nxc6 bxc6 8. e5 Ng8 9. Bd4 Qc7 10. Bc4 Bxe5 11.
O-O Bxh2+ 12. Kh1 Be5 13. Re1 d6 14. Nd5 cxd5 15. Bxe5 dxe5 16. Qxd5 Bb7 17. Qxf7+ Kd7 18. Rad1+ Kc6 19. Qd5+ 1-0

[Event "*** SCC Grand Prix: Titled Tuesday Blitz"]
[Site "Chess.com"]
[Date "2020.08.11"]
[Round "5"]
[White "bascheyaro"]
[Black "londonkid"]
[Result "1-0"]
[WhiteElo "2709"]
[BlackElo "2453"]
[TimeControl "180+1"]
[EndTime "10:52:51 PDT"]
[Termination "bascheyaro won by checkmate"]

1. d4 Nf6 2. Nc3 e6 3. e4 d5 4. e5 Nfd7 5. f4 c5 6. Nf3 Nc6 7. Bd3 a6 8. O-O cxd4 9. Ne2 Bc5 10. a3 b5 11. b4 Bb6 12. Qe1 Bb7 13. Qg3 g6 14. h4 Qe7 15. Bb2 O-O-O 16. Nexd4 Nxd4 17. Bxd4 Kb8 18. c3 Bxd4+ 19. Nxd4 Nb6 20. Rfc1 Rc8 21.
Bc2 Rc7 22. a4 bxa4 23. Bxa4 Rhc8 24. Bd1 Rc4 25. Be2 R4c7 26. b5 a5 27. Rxa5 Nc4 28. Bxc4 Rxc4 29. Qe3 Qc5 30. Raa1 Rxc3 31. Rxc3 Qxc3 32.
Nc6+ Rxc6 33. Qa7+ Kc8 34. bxc6 Qxc6 35. Qa3 Kd7 36.
Rc1 Qb6+ 37. Kh2 Qf2 38. Qd6+ Ke8 39. Qb8+ Ke7 40. Rc7# 1-0

[Event "*** SCC Grand Prix: Titled Tuesday Blitz"]
[Site "Chess.com"]
[Date "2020.08.11"]
[Round "5"]
[White "Roaccutane"]
[Black "eCztery"]
[Result "0-1"]
[WhiteElo "2577"]
[BlackElo "2429"]
[TimeControl "180+1"]
[EndTime "10:52:51 PDT"]
[Termination "eCztery won by resignation"]

1. d4 Nf6 2. c4 e6 3. Nf3 d5 4. Nc3 Bb4 5. e3 O-O 6. Bd3 dxc4 7. Bxc4 Nbd7 8. a3 Bd6 9. b4 e5 10. O-O a6 11. Qc2 h6 12. Rd1 Qe7 13. Bb2 e4 14. Nd2 Nb6 15. Bf1 Bxh2+ 16. Kxh2 Ng4+ 17. Kg3 Qd6+ 18. f4 exf3+ 19. Kxf3 Qf6+ 20. Ke2 Qf2+ 0-1

[Event "*** SCC Grand Prix: Titled Tuesday Blitz"]
[Site "Chess.com"]
[Date "2020.08.11"]
[Round "5"]
[White "exoticprincess"]
[Black "GoltsevDmitry2000"]
[Result "1-0"]
[WhiteElo "2836"]
[BlackElo "2621"]
[TimeControl "180+1"]
[EndTime "10:52:58 PDT"]
[Termination "exoticprincess won by checkmate"]

1. b3 c6 2. Bb2 d5 3. e3 Nd7 4. Nc3 Ngf6 5. d4 g6 6. f3 Bg7 7. Nge2 O-O 8. Qd2 Re8 9. O-O-O Qc7 10. g4 e5 11. h4 e4 12. fxe4 Nxg4 13. Nf4 dxe4 14.
h5 g5 15. h6 gxf4 16. hxg7 fxe3 17. Qg2 Nf2 18. Bc4 Nf6 19. d5 Qf4 20. Ne2 Qg4 21.
Qh2 Qh3 22. Qf4 Nxh1 23. Qxf6 cxd5 24. Bxd5 Be6 25. Nf4 Qf5 26. Qxf5 Bxf5 27. Nh5 Nf2 28. Nf6+ Kxg7 29. Rg1+ Kf8 30. Ba3+ Re7 31. Rg8# 1-0

[Event "*** SCC Grand Prix: Titled Tuesday Blitz"]
[Site "Chess.com"]
[Date "2020.08.11"]
[Round "5"]
[White "Tsyhanchuk_Stanislav"]
[Black "gurelediz"]
[Result "0-1"]
[WhiteElo "2384"]
[BlackElo "2548"]
[TimeControl "180+1"]
[EndTime "10:52:58 PDT"]
[Termination "gurelediz won by resignation"]

1. e4 c5 2. Nf3 e6 3. d4 cxd4 4. Nxd4 Nc6 5. Nc3 Qc7 6. f4 a6 7. Be3 b5 8. Bd3 Bb7 9. Qf3 Nb4 10. O-O Nf6 11. a3 Nc6 12. Rae1 Nxd4 13. Bxd4 Bc5 14. Bxc5 Qxc5+ 15. Kh1 O-O 16. Qg3 d5 17. e5 Ne4 18.
Bxe4 dxe4 19. f5 exf5 20. Rxf5 Qc4 21. Rg5 g6 22. h4 Rad8 23. h5 Kg7 24. Qf4 f6 25.
h6+ Kg8 26. exf6 Rde8 27. Re5 Rxe5 28. Qxe5 e3 29. Rf1 Qxf1+ 0-1

[Event "*** SCC Grand Prix: Titled Tuesday Blitz"]
[Site "Chess.com"]
[Date "2020.08.11"]
[Round "5"]
[White "GMKrikor"]
[Black "Oglob71"]
[Result "1-0"]
[WhiteElo "2732"]
[BlackElo "2569"]
[TimeControl "180+1"]
[EndTime "10:52:59 PDT"]
[Termination "GMKrikor won by resignation"]

1. e4 c5 2. Nf3 e6 3. d4 cxd4 4. Nxd4 a6 5. Bd3 Qb6 6. Be3 Qxb2 7. Nd2 Qc3 8. O-O Qc7 9. e5 d6 10. f4 Nd7 11. Kh1 dxe5 12. fxe5 Nxe5 13. Bf4 Bd6 14.
Ne4 Be7 15. Nf3 f6 16. Nxe5 fxe5 17. Qh5+ g6 18. Qxe5 Qxe5 19. Bxe5 Nf6 20. Nxf6+ Bxf6 21. Rxf6 Rf8 22. Rxf8+ Kxf8 23. Be4 Ke7 24. c4 Ra7 25.
Rb1 b5 26. c5 Rd7 27. Bd6+ Ke8 28. Bc6 1-0

[Event "*** SCC Grand Prix: Titled Tuesday Blitz"]
[Site "Chess.com"]
[Date "2020.08.11"]
[Round "5"]
[White "Nemsko"]
[Black "Lupul_Cenusiu"]
[Result "1-0"]
[WhiteElo "2352"]
[BlackElo "2489"]
[TimeControl "180+1"]
[EndTime "10:53:03 PDT"]
[Termination "Nemsko won by checkmate"]

1. e4 c5 2. Nf3 e6 3. d4 cxd4 4.
Nxd4 a6 5. Nc3 d6 6. Be3 Nf6 7. f4 Qc7 8. Be2 Be7 9. O-O Nc6 10. Kh1 Bd7 11. Qe1 Nxd4 12. Bxd4 O-O 13. Qg3 Rac8 14.
Bd3 b5 15. e5 Ne8 16. Ne4 d5 17. Ng5 h6 18. Nh7 g6 19. Bxg6 fxg6 20. Qxg6+ Ng7 21.
Nf6+ Bxf6 22. exf6 Be8 23. Qxh6 Nf5 24. Qg5+ Kf7 25.
Qh5+ Kg8 26. f7+ Rxf7 27. Qh8# 1-0

[Event "*** SCC Grand Prix: Titled Tuesday Blitz"]
[Site "Chess.com"]
[Date "2020.08.11"]
[Round "5"]
[White "canary2016"]
[Black "Chernobay_Artem"]
[Result "0-1"]
[WhiteElo "1865"]
[BlackElo "2492"]
[TimeControl "180+1"]
[EndTime "10:53:07 PDT"]
[Termination "Chernobay_Artem won by checkmate"]

1. d4 Nf6 2. c4 g6 3. Nf3 Bg7 4. g3 O-O 5. Bg2 d6 6. O-O Ne4 7. Nc3 Nxc3 8. bxc3 Nc6 9. e4 Na5 10. Qe2 c5 11. Bb2 b6 12. Rad1 Ba6 13. Rfe1 Bxc4 14. Qd2 Bxa2 15. Ra1 Nb3 16. Qc2 Nxa1 17. Rxa1 Bc4 18. Ra4 b5 19. Ra1 a5 20. e5 Bd5 21. exd6 exd6 22. dxc5 dxc5 23. Rd1 Be4 24. Qe2 Qe8 25. Qe3 c4 26. Re1 Bxf3 27. Bxf3 Qxe3 28. Rxe3 Rad8 29. Bd5 Rxd5 30. Kg2 b4 31. cxb4 Bxb2 32. bxa5 Rxa5 33. Re4 c3 34. Rc4 Raa8 35. Kf3 Rac8 36. Rb4 c2 37. Rxb2 c1=Q 38. Re2 Qd1 39. h4 Rfe8 40. h5 Qxe2+ 41. Kg2 Rc2 42. Kh3 Qxh5+ 43.
Kg2 Rxf2+ 44. Kxf2 Re2+ 45. Kf1 Qf3+ 46. Kg1 Qg2# 0-1